 Dungeon Crawl Stone Soup version 0.24.0-1-gfbc8707122 (webtiles) character file.

Game seed: 14997625423151242540, levelgen mode: deterministic

3837 LostNumber the Basher (level 10, -13/66 HPs)
             Began as a Gargoyle Gladiator on Oct 27, 2019.
             Was an Elder of Jiyva.
             Mangled by a two-headed ogre
             ... wielding a +0 giant spiked club
              (26 damage)
             ... on level 9 of the Dungeon.
             The game lasted 00:18:39 (7992 turns).

LostNumber the Basher (Gargoyle Gladiator)          Turns: 7992, Time: 00:18:39

Health: -13/66     AC: 17    Str: 23    XL:     10   Next: 18%
Magic:  11/11      EV:  7    Int: 13    God:    Jiyva [****..]
Gold:   21         SH:  0    Dex: 10    Spells: 9/9 levels left

rFire    . . .     SeeInvis .   b - +2 dagger (venom)
rCold    . . .     Gourm    +   (no shield)
rNeg     + . .     Faith    .   G - +0 plate armour
rPois    ∞         Spirit   .   c - +0 helmet
rElec    +         Reflect  .   (no cloak)
rCorr    +         Harm     .   k - +1 pair of gloves
MR       .....                  (no boots)
Stlth    ..........             j - amulet of the gourmand
HPRegen  0.61/turn              B - ring of flight
MPRegen  0.12/turn              P - +5 ring of intelligence

@: no status effects
A: deformed body, negative energy resistance 1, regeneration 1, electricity
resistance, unbreathing, petrification resistance, rot immunity, AC +7
a: Request Jelly, Slimify, Renounce Religion, Evoke Flight


You were on level 9 of the Dungeon.
You worshipped Jiyva.
Jiyva was greatly pleased with you.
You were completely stuffed.

You visited 2 branches of the dungeon, and saw 10 of its levels.

You collected 428 gold pieces.
You spent 407 gold pieces at shops.

Inventory:

Hand Weapons
 a - a +2 mace of holy wrath
   (You took it off an orc on level 5 of the Dungeon)
 b - a +2 dagger of venom (weapon)
   (You took it off a goblin on level 2 of the Dungeon)
 q - a +0 morningstar
   (You took it off an orc on level 3 of the Dungeon)
 C - a +0 flail
 J - the +1 mace of Triumph {pain, Dex+4}
   (You bought it in a shop on level 6 of the Dungeon)

   In the hands of one skilled in necromantic magic, it inflicts extra damage on
   living creatures.
   It affects your dexterity (+4).
 L - a +1 whip of flaming
   (You took it off Pikel on level 6 of the Dungeon)
Missiles
 d - 4 throwing nets (quivered) {!f}
Armour
 c - a +0 helmet (worn)
 h - a +0 ring mail
   (You found it on level 1 of the Dungeon)
 k - a +1 pair of gloves (worn)
   (You found it on level 1 of the Dungeon)
 l - a +0 leather armour
 o - a +0 chain mail
   (You found it on level 4 of the Dungeon)
 A - a +2 leather armour of magic resistance
   (You took it off an orc on level 4 of the Dungeon)
 G - a +0 plate armour (worn)
   (You found it on level 5 of the Dungeon)
Jewellery
 j - an amulet of the gourmand (around neck)
   (You found it on level 1 of the Dungeon)
 B - a ring of flight (left hand)
   (You found it on level 5 of the Dungeon)
 F - an uncursed ring of positive energy
   (You found it on level 5 of the Dungeon)
 P - a +5 ring of intelligence (right hand)
   (You found it on level 7 of the Dungeon)
Wands
 t - a wand of flame (7)
   (You took it off a hobgoblin on level 5 of the Dungeon)
 u - a wand of paralysis (8)
   (You found it on level 7 of the Dungeon)
 x - a wand of acid (8)
   (You took it off Pikel on level 6 of the Dungeon)
 R - a wand of polymorph (10)
   (You found it on level 8 of the Dungeon)
Scrolls
 f - a scroll of enchant armour {unknown}
 g - a scroll of noise {unknown}
 w - a scroll of immolation {unknown}
 y - 2 scrolls of teleportation {@r4}
 z - a scroll of amnesia {unknown}
 E - 2 scrolls of magic mapping {unknown}
 H - a scroll of fog
 I - a scroll of random uselessness {unknown}
 K - a scroll of fear {unknown}
 M - 3 scrolls of remove curse {@r2}
 N - a scroll of identify {@r1}
 O - 2 scrolls of vulnerability {unknown}
Potions
 i - 4 potions of heal wounds {@q2}
 m - a potion of curing {unknown}
 n - a potion of magic {unknown}
 p - 2 potions of cancellation
 r - a potion of haste {@q3}
 s - a potion of brilliance
 v - a potion of ambrosia
 D - a potion of berserk rage
Comestibles
 e - 11 rations {!d}


   Skills:
 + Level 9.5 Fighting
 - Level 4.0 Short Blades
 + Level 10.0 Maces & Flails
 - Level 1.7 Throwing
 + Level 3.9 Armour
 - Level 2.4 Dodging
 + Level 2.1 Evocations


You had 9 spell levels left.
You didn't know any spells.
Your spell library contained the following spells:

 Spells                   Type           Power        Failure   Level  Hunger
 Corona                   Hex            #......      99%         1    ##.....
 Ensorcelled Hibernation  Hex/Ice        #.....       100%        2    ###....
 Confuse                  Hex            #.......     100%        3    ####...
 Dazzling Spray           Conj/Hex       #.....       100%        3    ####...
 Tukima's Dance           Hex            #.......     100%        3    ####...


Dungeon Overview and Level Annotations

Branches:
Dungeon (9/15)             Temple (1/1) D:5
   Lair: D:8-11         Orc: D:9-12

Altars:
Ashenzari
Cheibriados
Dithmenos
Elyvilon
Fedhas
Gozag
Kikubaaqudgha
Makhleb
Nemelex Xobeh
Okawaru
Qazlal
Ru
Sif Muna
Trog
Uskayaw
Vehumet
Wu Jian
Xom
Yredelemnul
Zin
The Shining One
Jiyva

Shops:
D:5 ?   D:6 (=?*:   D:8 *}:

Annotations:
D:3 2 transporters, TimelessDreamer's ghost, amateur HuWn
D:5 3 runed translucent doors, MovingMist's ghost, amateur DsAK


Innate Abilities, Weirdness & Mutations

You are resistant to torment.
Your stone body is resilient. (AC +7)
You are immune to poison.
You resist negative energy. (rN+)
You are resistant to electric shocks. (rElec)
You can survive without breathing.
You are immune to petrification.
You are immune to rotting.
Armour fits poorly on your strangely shaped body.
Your natural rate of healing is unusually fast.


Message History

The two-headed ogre shouts in stereo!
You hit the shadow imp. The shadow imp hits you.
You hit the shadow imp but do no damage.
You hear a distant slurping noise.
Jiyva appreciates your sacrifice.
You feel a little less hungry.
You hit the shadow imp but do no damage.
The shadow imp looks as sick as possible!
You kill the shadow imp!
Unknown command.
Unknown command.
Unknown command.
You hear a distant slurping noise.
Jiyva appreciates your sacrifice.
You feel a little less hungry.
Unknown command.
Unknown command.
There's nothing to close nearby.
Unknown command.
Unknown command.
Unknown command.
Aim: a two-headed ogre, wielding two +0 giant spiked clubs The bolt of acid hits the two-headed ogre!
The two-headed ogre is splashed with acid.
The acid corrodes the two-headed ogre!
The two-headed ogre hits you but does no damage.
The two-headed ogre hits you with a +0 giant spiked club!
You hit the two-headed ogre.
The two-headed ogre is poisoned.
The two-headed ogre barely misses you.
The two-headed ogre hits you with a +0 giant spiked club!
You hit the two-headed ogre.
The two-headed ogre looks as sick as possible!
You hit the two-headed ogre.
The two-headed ogre hits you but does no damage.
The two-headed ogre completely misses you.
You hit the two-headed ogre.
The two-headed ogre looks as sick as possible!
An orc priest comes into view. It is wielding a +0 mace.
The orc priest shouts!
You puncture the two-headed ogre!
The two-headed ogre looks as sick as possible!
You hear a shout! x2
The two-headed ogre closely misses you.
The two-headed ogre hits you with a +0 giant spiked club!
You hit the two-headed ogre.
The two-headed ogre looks as sick as possible!
The two-headed ogre hits you with a +0 giant spiked club!!
* * * LOW HITPOINT WARNING * * *
The two-headed ogre hits you with a +0 giant spiked club!!
You die...

.........# ........##
........ ... ...... ...
....# #... #...# #....#
#...# .....
#....####O..######
......##........@....o...
......##.................
......##...........######
......##...........#
...........#####...##
#......>.# #....####
#........#####........
#..............###.##.
###..###.........# .#


You could see a two-headed ogre and an orc priest.

Vanquished Creatures
  Pikel (D:6)
  A hornet (D:9)
  Sigmund (D:2)
  Menkaure (D:7)
  A water moccasin (D:6)
  A sky beast (D:9)
  An ice beast (D:7)
  2 ogres
  An orc warrior (D:7)
  A phantom (D:4)
  2 centaurs
  4 bullfrogs
  A water moccasin skeleton (D:4)
  A scorpion (D:4)
  7 killer bees
  3 howler monkeys
  A bullfrog zombie (D:6)
  2 crimson imps
  3 hounds
  7 orc priests
  2 centaur skeletons (D:7)
  6 orc wizards
  Jessica (D:2)
  3 iguanas
  Natasha (thrice) (D:2)
  9 worker ants
  A hound skeleton (D:6)
  3 gnolls (D:5)
  12 adders
  A shadow imp (D:9)
  3 oozes
  5 worms
  A dart slug (D:1)
  3 leopard geckos
  34 orcs
  A ball python (D:1)
  5 giant cockroaches
  12 goblins
  11 hobgoblins
  9 jackals
  7 kobolds
  A quokka (D:3)
  4 bats
  13 frilled lizards
  11 rats
  A spectral orc (D:3)
204 creatures vanquished.

Vanquished Creatures (others)
  A hippogriff (D:9)
  A centaur (D:7)
  Blork the orc (D:6)
  A bullfrog (D:9)
  A killer bee (D:7)
  3 wights (D:7)
  12 jellies
  An orc wizard (D:6)
  A worker ant (D:6)
  An adder (D:7)
  A leopard gecko (D:7)
  2 orcs (D:6)
  2 plants (D:6)
28 creatures vanquished.

Grand Total: 232 creatures vanquished

Notes
Turn   | Place    | Note
-------+----------+-------------------------------------------
     0 | D:1      | LostNumber the Gargoyle Gladiator began the quest for the
                  | Orb.
     0 | D:1      | Reached XP level 1. HP: 12/12 MP: 1/1
   175 | D:1      | Reached XP level 2. HP: 18/18 MP: 2/2
   561 | D:1      | Reached XP level 3. HP: 22/22 MP: 3/3
   989 | D:2      | Noticed Jessica
   998 | D:2      | Killed Jessica
   998 | D:2      | Reached skill level 4 in Maces & Flails
   998 | D:2      | Reached XP level 4. HP: 28/28 MP: 4/4
  1172 | D:2      | Noticed Natasha
  1179 | D:2      | Killed Natasha
  1214 | D:2      | Reached XP level 5. HP: 32/32 MP: 5/5
  1253 | D:2      | Reached skill level 5 in Maces & Flails
  1359 | D:2      | Noticed Natasha
  1366 | D:2      | Killed Natasha
  1432 | D:2      | Noticed Natasha
  1437 | D:2      | Killed Natasha
  1437 | D:2      | Reached skill level 1 in Short Blades
  1462 | D:2      | Noticed Sigmund
  1477 | D:2      | Killed Sigmund
  1477 | D:2      | Reached XP level 6. HP: 39/39 MP: 6/6
  1510 | D:2      | Reached skill level 6 in Maces & Flails
  2023 | D:3      | Reached XP level 7. HP: 44/44 MP: 7/7
  2326 | D:3      | Found a burning altar of Makhleb.
  2549 | D:3      | Noticed TimelessDreamer's ghost (amateur HuWn)
  2549 | D:3      | Identified the cursed +1 dire flail "Matex" {vamp, rN++}
  2550 | D:3      | Found a transporter.
  2563 | D:3      | Found a transporter.
  2938 | D:3      | Found a basalt altar of Yredelemnul.
  3134 | D:4      | Reached skill level 5 in Fighting
  3255 | D:4      | Reached skill level 7 in Maces & Flails
  3255 | D:4      | Reached XP level 8. HP: 10/49 MP: 8/8
  4341 | D:5      | Entered Level 5 of the Dungeon
  4420 | D:5      | Found an ancient bone altar of Kikubaaqudgha.
  4465 | D:5      | Found a runed translucent gate.
  4465 | D:5      | Found a runed translucent gate.
  4465 | D:5      | Found a runed translucent gate.
  4466 | D:5      | Found an opulent altar of Gozag.
  4467 | D:5      | Noticed MovingMist's ghost (amateur DsAK)
  4535 | D:5      | Found a sacrificial altar of Ru.
  4548 | D:5      | Found a bloodstained altar of Trog.
  4620 | D:5      | Found a staircase to the Ecumenical Temple.
  4699 | Temple   | Entered the Ecumenical Temple
  4792 | Temple   | Became a worshipper of Jiyva Jacutemp the Shapeless
  4947 | D:5      | Reached skill level 8 in Maces & Flails
  4984 | D:5      | Found Udifem's Magic Scroll Boutique.
  4990 | D:5      | Bought a scroll of identify for 22 gold pieces
  4990 | D:5      | Bought a scroll of teleportation for 33 gold pieces
  4990 | D:5      | Bought a scroll of teleportation for 33 gold pieces
  4990 | D:5      | Bought a scroll of fog for 22 gold pieces
  5094 | D:5      | Found a radiant altar of Vehumet.
  5229 | D:6      | Found Idaeczit's Antique Weapon Shoppe.
  5235 | D:6      | Bought an encrusted mace for 272 gold pieces
  5235 | D:6      | Identified the cursed +1 mace of Triumph {pain, Dex+4} (You
                  | bought it in a shop on level 6 of the Dungeon)
  5328 | D:6      | Reached XP level 9. HP: 57/57 MP: 9/9
  5329 | D:6      | Reached * piety under Jiyva
  5382 | D:6      | Found Weapuije's Jewellery Emporium.
  5411 | D:6      | Found Cic Anim's Magic Scroll Shoppe.
  5438 | D:6      | Found Wuemuent's Book Emporium.
  5446 | D:6      | Reached ** piety under Jiyva
  5532 | D:6      | Found a hide-covered altar of Uskayaw.
  5535 | D:6      | Found a shimmering altar of Xom.
  5578 | D:6      | Found a shadowy altar of Dithmenos.
  5659 | D:6      | Found Beurerremu's Assorted Antiques.
  5662 | D:6      | Bought a scroll labeled QOICESHONEI for 25 gold pieces
  5780 | D:6      | Noticed Pikel
  5821 | D:6      | Killed Pikel
  5821 | D:6      | Reached skill level 9 in Maces & Flails
  6283 | D:6      | Killed Blork the orc
  6685 | D:7      | Reached skill level 1 in Armour
  7105 | D:7      | Reached *** piety under Jiyva
  7136 | D:7      | Gained mutation: Armour fits poorly on your strangely
                  | shaped body. [Jiyva's grace]
  7148 | D:7      | Found an iron altar of Okawaru.
  7148 | D:7      | Found a shattered altar of Ashenzari.
  7158 | D:7      | Noticed Menkaure
  7164 | D:7      | Killed Menkaure
  7171 | D:7      | Found a glowing silver altar of Zin.
  7182 | D:7      | Noticed a five-headed hydra
  7324 | D:7      | Found a glowing golden altar of the Shining One.
  7388 | D:7      | Reached skill level 1 in Evocations
  7541 | D:7      | Reached XP level 10. HP: 35/66 MP: 10/10
  7615 | D:7      | Reached **** piety under Jiyva
  7618 | D:7      | Gained mutation: Your natural rate of healing is unusually
                  | fast. [Jiyva's grace]
  7743 | D:8      | Found Oneulub's Book Emporium.
  7788 | D:8      | Found Petzonuz's Gadget Boutique.
  7807 | D:8      | Found Apot's Assorted Antiques.
  7876 | D:8      | Reached skill level 10 in Maces & Flails
  7977 | D:9      | Noticed a two-headed ogre
  7992 | D:9      | Mangled by a two-headed ogre

Levels and vault maps discovered:
D:1:      minmay_arrival_cross, layout_loops_ring
D:2:      cheibrodos_greedy_goblins, layout_basic, interstate_on_off,
          grunt_ministairs_8, uniq_sigmund, uniq_jessica, uniq_natasha
D:3:      layout_basic, lemuel_round_altar, yredelemnul_forgotten_temple_becter,
          gammafunk_ghost_smash
D:4:      layout_loops_corners, first_ration
D:5:      layout_rooms, old_standard_altar, old_standard_altar,
          vehumet_altar_wand_db, minmay_temple_entry_fiery, ebering_ghost_gozag,
          serial_shops, shop, serial_glass, glass_columns_a, glass_columns_a,
          trog_three_pillars_becter
D:6:      layout_layer_cave, grunt_temple_overflow_open, serial_shops,
          nicolae_shop_overgrown_old_shop, shop_scrolls, kennysheep_mini, shop,
          kennysheep_little_box, uniq_pikel, uniq_blork_the_orc
D:7:      layout_cave_pools, marbit_many_paths,
          chequers_temple_overflow_statue_of_worship, lemuel_doored_altar,
          uniq_menkaure
D:8:      layout_loops_ring, serial_shops, shop, nicolae_shop_behind_doors,
          kennysheep_mini_moat, nicolae_shop_crystal
D:9:      minmay_blocky_corners, layout_small_grid,
          lemuel_coloured_pillars_altar, erik_lair_dragon,
          hangedman_pestilent_swarm
Temple:   pf_slimified_temple

Skill      XL: |  1  2  3  4  5  6  7  8  9 10 |
---------------+-------------------------------+-----
Fighting       | 3 4 5 7 9 |  9.5
Maces & Flails | 4 5 6 7 8 9 10 | 10.0
Short Blades   | 1 2 3 4 |  4.0
Armour         | 3 |  3.9
Evocations     | 1 2 |  2.1
Throwing       | |  1.7
Dodging        | |  2.4

Action                   |  1- 3 |  4- 6 |  7- 9 | 10-12 || total
-------------------------+-------+-------+-------+-------++-------
Melee: Flail             |    71 |    13 |       |       ||    84
       Dagger            |       |   134 |   650 |    88 ||   872
       Mace              |       |       |     8 |       ||     8
Evoke: Wand              |       |       |     5 |     1 ||     6
  Use: Scroll            |       |       |     8 |       ||     8
       Potion            |       |       |     4 |       ||     4
  Eat: Chunk             |       |    17 |    14 |     1 ||    32
Armor: Leather armour    |    19 |       |       |       ||    19
       Ring mail         |    10 |    71 |    80 |       ||   161
       Chain mail        |       |       |    92 |       ||    92
       Plate armour      |       |       |   202 |    52 ||   254
Dodge: Dodged            |    45 |   115 |   274 |    30 ||   464
